AoeStats
← Spookball

Golden Pit

509579299Analyzed
1v1 RM · 6d ago on Sep 27, 2026· 62m 50s· 2 players
Game mode
Random Map
Map size
Tiny (2 player)
Population
200
Speed
Normal
Resources
Standard
Victory
Conquest
Starting age
Dark Age
Ending age
Imperial Age
RankedLock teamsTeams togetherTeam positionsShared explorationLock speedFull tech treeHidden civsTurbo modeCheats
Victory
Defeat
🇬🇧 Inca · United Kingdom
441
+20
🇷🇴 Franks · Romania
526
-20
Spookball
5:59 Loom
12:04 Feudal Age
14:05 Champi Runner
18:16 Forging
18:23 Scale Mail Armor
18:58 Fletching
18:53 Horse Collar
19:05 Double-Bit Axe
20:37 Arson
24:08 Gold Mining
24:10 Stone Mining
24:23 Padded Archer Armor
29:22 Castle Age
31:07 Pikeman
31:50 Squires
31:13 Champi Warrior
33:58 Andean Sling
33:23 Elite Skirmisher
34:09 Thumb Ring
34:45 Iron Casting
34:26 Chain Mail Armor
34:28 Leather Archer Armor
35:01 Heavy Plow
35:48 Stone Shaft Mining
37:32 Bodkin Arrow
39:48 Ballistics
39:40 Masonry
39:10 Treadmill Crane
39:27 Murder Holes
44:50 Imperial Age
46:42 Blast Furnace
46:12 Plate Mail Armor
45:44 Bracer
46:15 Ring Archer Armor
46:45 Crop Rotation
49:39 Bow Saw
50:04 Gold Shaft Mining
48:54 Halberdier
50:29 Wheelbarrow
49:42 Town Watch
50:43 Elite Champi Warrior
53:02 Hand Cart
53:28 Hoardings
53:30 Fabric Shields
58:07 Conscription
DauFinPreaDivin
5:44 Loom
13:11 Feudal Age
15:13 Double-Bit Axe
18:52 Scale Barding Armor
18:58 Forging
30:25 Castle Age
31:44 Chain Barding Armor
32:01 Iron Casting
32:00 Husbandry
37:42 Gold Mining
37:44 Stone Mining
46:52 Imperial Age
47:23 Fletching
47:37 Padded Archer Armor
47:36 Cavalier
48:22 Chivalry
53:20 Plate Barding Armor
53:48 Blast Furnace
53:04 Leather Archer Armor
52:51 Scale Mail Armor
53:05 Elite Throwing Axeman
53:25 Paladin
Connection lost

Rejoining the realm…

Still unreachable

The connection could not be restored.

Session expired

The server has moved on; the page needs a fresh start.